 Dungeon Crawl Stone Soup version 0.30-b1-2-g02819fbbbe (webtiles) character file.

Game seed: 779235623659204510

2 MisterFreud the Ducker (level 1, 0/10 HPs)
             Began as a Felid Berserker on Aug 21, 2023.
             Was a Follower of Trog.
             Slain by a frilled lizard (1 damage)
             ... on level 1 of the Dungeon.
             The game lasted 00:00:15 (78 turns).

MisterFreud the Ducker (Felid Berserker)              Turns: 78, Time: 00:00:16

Health: 0/10       AC:  1    Str: 13    XL:     1   Next: 33%
Magic:  2/2        EV: 18    Int:  8    God:    Trog [*.....]
Gold:   0          SH:  0    Dex: 15    Spells: 0/0 levels left
                                        Lives:  0   Deaths: 0

rFire   . .          .
                       - Unarmed
rCold   . . .        (shield unavailable)
rNeg    . . .        (body armour unavailable)
rPois   .            (helmet unavailable)
rElec   .            (cloak unavailable)
rCorr   .            (gloves unavailable)
SInv    +            (boots unavailable)
Will    .....        (no amulet)
Stlth   ++           (no ring)
HPRegen 0.21/turn    (no ring)
MPRegen 0.08/turn

%: no passive effects
@: quick
A: very small, claws 1, fangs 3, see invisible, speed 1, shaggy fur 1, stealthy
paws, no weapons or thrown items, no armour, multi-lived
a: Renounce Religion, Berserk


You were on level 1 of the Dungeon.
You worshipped Trog.
Trog was aware of your devotion.
You visited 1 branch of the dungeon, and saw 1 of its levels.

Inventory:

Scrolls
 a - a scroll of enchant weapon {unknown}


   Skills:
 - Level 3.0 Fighting
 - Level 4.0 Dodging
 + Level 0.8 Stealth
 + Level 3.1 Unarmed Combat


You couldn't memorise any spells.
You didn't know any spells.
Your spell library was empty.

Dungeon Overview and Level Annotations

Branches:
Dungeon (1/15)

Altars:


Innate Abilities, Weirdness & Mutations

You have sharp claws.
You have razor-sharp teeth.
You have supernaturally acute eyesight. (SInv)
You cover ground quickly. (Speed+)
You are covered in fur. (AC +1)
Your paws help you pounce on unaware monsters.
You are incapable of wielding weapons or throwing items.
You cannot wear armour.
You gain extra lives every three experience levels.


Message History

2 frilled lizards and a ball python come into view.
The ball python hisses angrily.
A frilled lizard comes into view.
A frilled lizard comes into view.
Found a lumpy silvery potion.
The frilled lizard closely misses you.
You barely miss the frilled lizard.
The frilled lizard hisses angrily. x4
The frilled lizard hisses angrily.
You claw the frilled lizard!
You kill the frilled lizard!
Trog accepts your kill. The frilled lizard closely misses you.
Unknown command.
You closely miss the ball python. The ball python misses you.
The ball python barely misses you.
The frilled lizard bites you but does no damage.
The frilled lizard misses you. The frilled lizard bites you.
You closely miss the ball python. The ball python barely misses you. x2
The frilled lizard hisses.
The frilled lizard closely misses you. The frilled lizard barely misses you.
The frilled lizard closely misses you.
You scratch the ball python.
The ball python is severely wounded.
The ball python misses you. The ball python grabs you.
The ball python constricts you. The frilled lizard bites you.
The frilled lizard misses you. x2; The ball python bites you.
The ball python constricts you.
You barely miss the ball python.
The ball python is severely wounded.
The ball python bites you. The ball python constricts you.
The frilled lizard misses you. The frilled lizard bites you.
* * * LOW HITPOINT WARNING * * *
The frilled lizard barely misses you.
You barely miss the ball python. You claw the ball python.
You kill the ball python!
Trog accepts your kill. The frilled lizard bites you.
* * * LOW HITPOINT WARNING * * *
The frilled lizard bites you.
You die...

.!......# ..#
........# #..# ..
...~~~..###$.##..
..~~~~~.##......#..
..~~~~~........##$. #
..~~~~~l##......... .#
..~~~~ll##..##..# ...
...~~.ll@.......#...#
#......l##..##..#...##
..............†.......
......#.#......##.#.#
......#.#..$##.##.#.#
####..#.#...##.##.#.##
.. ...............#
...
##...$.>....##.####
..................#


You could see 6 frilled lizards.

Vanquished Creatures
  A ball python (D:1)
  A bat (D:1)
  2 frilled lizards (D:1)
  A rat (D:1)
5 creatures vanquished.

Notes
Turn   | Place    | Note
-------+----------+-------------------------------------------
     0 | D:1      | MisterFreud the Felid Berserker began the quest for the
                  | Orb.
     0 | D:1      | Reached XP level 1. HP: 10/10 MP: 2/2
    78 | D:1      | Slain by a frilled lizard

Illustrated notes

Levels and vault maps discovered:
D:1:      kennysheep_arrival_forest, layout_basic,
          chequers_serial_rivers_large_b, grunt_decor_cap, minmay_lizard_pond

Action                     || total
---------------------------++-------
  Melee: Unarmed           ||    16
         Punch             ||     1
         Bite              ||     1
 Armour: Skin              ||     1
  Dodge: Dodged            ||    21
